 Dungeon Crawl Stone Soup version 0.19.5 (webtiles) character file.

52 Aquagraph the Conjurer (level 3, -4/21 HPs)
             Began as a High Elf Conjurer on Apr 27, 2017.
             Slain by Crazy Yiuf
             ... wielding a +3 quarterstaff of chaos
              (18 damage)
             ... on level 2 of the Dungeon.
             The game lasted 00:11:37 (611 turns).

Aquagraph the Conjurer (High Elf Conjurer)           Turns: 611, Time: 00:11:39

Health: -4/21      AC:  2    Str:  7    XL:     3   Next: 60%
Magic:  7/8        EV: 13    Int: 20    God:
Gold:   55         SH:  0    Dex: 15    Spells: 1 memorised, 7 levels left

rFire  . . .     SeeInvis .     f - +0 dagger
rCold  . . .     Gourm    .     a - +0 robe
rNeg   . . .     Faith    .     (no shield)
rPois  .         Spirit   .     (no helmet)
rElec  .         Reflect  .     (no cloak)
rCorr  .         Harm     .     (no gloves)
MR     .....                    (no boots)
Stlth  ++........               (no amulet)
                                (no ring)
                                (no ring)

@: no status effects
A: no striking features
a: no special abilities


You were on level 2 of the Dungeon.
You were not hungry.

You visited 1 branch of the dungeon, and saw 2 of its levels.

You collected 55 gold pieces.

Inventory:

Hand Weapons
 f - a +0 dagger (weapon)
Missiles
 m - 11 poisoned needles
Armour
 a - a +0 robe (worn)
 h - a +1 leather armour
Scrolls
 d - a scroll of enchant armour
 l - a scroll of teleportation {unknown}
Potions
 j - a potion of heal wounds {unknown}
Books
 b - a book of Conjurations

   Spells                             Type                      Level
   a - Magic Dart                     Conjuration                  1
   b - Searing Ray                    Conjuration                  2
   c - Dazzling Spray                 Conjuration/Hexes            3
   d - Fulminant Prism                Conjuration/Hexes            4
   e - Iskenderun's Mystic Blast      Conjuration                  4
   f - Iskenderun's Battlesphere      Conjuration/Charms           5
Comestibles
 c - 2 bread rations
 k - a meat ration


   Skills:
 + Level 1.0 Short Blades
 + Level 2.2 Dodging
 * Level 2.3 Stealth
 * Level 3.1 Spellcasting
 + Level 5.2 Conjurations


You had 7 spell levels left.
You knew the following spells:

 Your Spells              Type           Power        Failure   Level  Hunger
a - Magic Dart            Conj           ###.         1%          1    None


Dungeon Overview and Level Annotations

Branches:
Dungeon (2/15)

Altars:

Annotations:
D:2 Crazy Yiuf


Message History

Crazy Yiuf the Enlightened comes into view.
He is wielding a quarterstaff of chaos.
Found a mace.
As you close the door, it creaks loudly!
Crazy Yiuf opens the door.
As you read the scroll labeled QIYSEI CUOLISH, it crumbles to dust.
It is a scroll of enchant armour.
Your leather armour glows green for a moment.
As you read the scroll labeled LARUABU DOOM, it crumbles to dust.
The air around you briefly surges with heat, but it dissipates.
It was a scroll of immolation.
As you read the scroll labeled ALEEXU WEILAUM, it crumbles to dust.
You feel blessed for a moment.
It was a scroll of remove curse.
Crazy Yiuf closely misses you.
As you read the scroll labeled MURALI QADGH, it crumbles to dust.
You hear whistling wind.
It was a scroll of random uselessness.
Crazy Yiuf hits you with a quarterstaff of chaos!
You are electrocuted!
Ouch! That really hurt!
You die...

######## #####
#......#
##...######.####.###
#........##.#.......
#....###....#.##.##.
##..## #.........##.
♣....♣ ##.....#####.
♣♣...♣ ##...## #.
♣♣@♣♣ #..## #. ♣♣g♣
#..# #. ♣.♣♣ #..# #.
♣♣.♣ ###..## #> ♣g♣♣
#.....## #. #'#
##.....## ## ...
#.......## # #...#
#........#### #)..#
#........'...


You could see Crazy Yiuf.

Vanquished Creatures
  2 adders (D:2)
  A worm (D:2)
  3 dart slugs
  5 bats (D:1)
  A giant cockroach (D:1)
  2 goblins (D:1)
  2 hobgoblins (D:1)
  A ball python (D:1)
  3 frilled lizards
  4 kobolds (D:1)
  4 rats
28 creatures vanquished.

Notes
Turn   | Place    | Note
-------+----------+-------------------------------------------
     0 | D:1      | Aquagraph the High Elf Conjurer began the quest for the Orb.
     0 | D:1      | Reached XP level 1. HP: 11/11 MP: 4/4
   141 | D:1      | Reached XP level 2. HP: 17/17 MP: 6/6
   198 | D:1      | Reached skill level 5 in Conjurations
   453 | D:2      | Reached XP level 3. HP: 13/21 MP: 1/8
   585 | D:2      | Reached skill level 1 in Short Blades
   598 | D:2      | Found a runed door.
   602 | D:2      | Noticed Crazy Yiuf
   611 | D:2      | Slain by Crazy Yiuf

Skill      XL: |  1  2  3 |
---------------+----------+-----
Conjurations   | 5 |  5.2
Spellcasting   | 3 |  3.1
Short Blades   | 1 |  1.0
Dodging        | |  2.2
Stealth        | |  2.3

Action                   || total
-------------------------++-------
Melee: Dagger            ||    16
 Cast: Magic Dart        ||    46
  Use: Scroll            ||     4
 Stab: Sleeping          ||     2
Armor: Robe              ||     4
Dodge: Dodged            ||    17
